| TOP OF THE 1ST |
|
Greenville Drive batting - Pitching for Charleston RiverDogs : RHP Mike Pickens
|
|
Pitching: RHP Mike Pickens
|
|
|
Batting: RHB Larry Brocato
|
0-0: Foul Ball, location: 2F 0-1: Called Strike 0-2: Ball 1-2: Ball 2-2: Foul Ball, location: 2F 2-2: Strikes out swinging
|
|
Batting: RHB David Norum
|
0-0: Ball 1-0: SINGLE (Groundball, 34S, EV 71.9 MPH) (infield hit)
|
|
Batting: SHB Carter Cromsie
|
0-0: Foul Ball, location: 2F 0-1: Called Strike 0-2: Foul Ball, location: 2F 0-2: Fielders Choice at 2nd, 3-6 (Groundball, 3S, EV 88.8 MPH)
|
|
Batting: LHB Nelis Geurts
|
0-0: Ball 1-0: Called Strike Pickoff Throw to First - Out! 1-3 CS
|
| Top of the 1st over - 0 runs, 1 hit, 0 errors, 0 left on base; Greenville 0 - Charleston 0 |
| BOTTOM OF THE 1ST |
|
Charleston RiverDogs batting - Pitching for Greenville Drive : LHP Nick Barnes
|
|
Pitching: LHP Nick Barnes
|
|
|
Batting: LHB Justin O'Neal
|
0-0: Swinging Strike 0-1: SINGLE (Groundball, 6S, EV 72.5 MPH) (infield hit)
|
|
Batting: RHB Bryan Westray
|
0-0: Foul Ball, location: 2F 0-1: Foul Ball, location: 2F 0-2: 2-RUN HOME RUN (Flyball, 7D, EV 110.6 MPH), Distance : 424 ft
|
|
Batting: RHB Bill Nguyen-Tan
|
0-0: Ball 1-0: DOUBLE (Flyball, 8RXD, EV 98.1 MPH)
|
|
Batting: LHB Sean Trueblood
|
0-0: Ball 1-0: Foul Ball, location: 2F 1-1: Fly out, F9 (Flyball, 9LS, EV 90.6 MPH)
|
|
Batting: LHB Marc Durgin
|
0-0: Ball 1-0: Ground out 6-3 (Groundball, 6, EV 83.8 MPH)
|
|
Batting: LHB Jeremiah Walker
|
0-0: Ball 1-0: Ball 2-0: Ball 3-0: Called Strike 3-1: Fly out, F4 (Popup, 23, EV 91.2 MPH)
|
| Bottom of the 1st over - 2 runs, 3 hits, 0 errors, 1 left on base; Greenville 0 - Charleston 2 |
| TOP OF THE 2ND |
|
Greenville Drive batting - Pitching for Charleston RiverDogs : RHP Mike Pickens
|
|
Batting: LHB Nelis Geurts
|
0-0: Foul Ball, location: 2F 0-1: Ground out 2-3 (Groundball, 2R, EV 71.9 MPH)
|
|
Batting: SHB Greg Shaw
|
0-0: Ball 1-0: Ball 2-0: Foul Ball, location: 2F 2-1: SOLO HOME RUN (Flyball, 89XD, EV 106.9 MPH), Distance : 422 ft
|
|
Batting: RHB Andy Garvin
|
0-0: Foul Ball, location: 2F 0-1: Swinging Strike 0-2: Ground out 6-3 (Groundball, 6, EV 91.9 MPH)
|
|
Batting: RHB Joel Vazquez
|
0-0: Ball 1-0: Called Strike 1-1: Ball 2-1: Foul Ball, location: 2F 2-2: Ground out 6-3 (Groundball, 56D, EV 101.2 MPH)
|
| Top of the 2nd over - 1 run, 1 hit, 0 errors, 0 left on base; Greenville 1 - Charleston 2 |
| BOTTOM OF THE 2ND |
|
Charleston RiverDogs batting - Pitching for Greenville Drive : LHP Nick Barnes
|
|
Batting: RHB Matt Alderson
|
0-0: Called Strike 0-1: Called Strike 0-2: Strikes out looking
|
|
Batting: RHB Louwe Starmans
|
0-0: Called Strike 0-1: Called Strike 0-2: Ground out U3 (Groundball, 23, EV 75.0 MPH)
|
|
Batting: SHB Houston Phillips
|
0-0: Ball 1-0: Ball 2-0: SINGLE (Flyball, 9S, EV 86.2 MPH)
|
|
Batting: LHB Justin O'Neal
|
0-0: Swinging Strike 0-1: Ball 1-1: Called Strike 1-2: Ball 2-2: Strikes out looking
|
| Bottom of the 2nd over - 0 runs, 1 hit, 0 errors, 1 left on base; Greenville 1 - Charleston 2 |
| TOP OF THE 3RD |
|
Greenville Drive batting - Pitching for Charleston RiverDogs : RHP Mike Pickens
|
|
Batting: RHB Bobby Schimke
|
0-0: Ball 1-0: Ball 2-0: SINGLE (Line Drive, 8RS, EV 102.5 MPH)
|
|
Batting: RHB Ted Emmerich
|
0-0: Foul Ball, location: 2F 0-1: TRIPLE (Flyball, 89XD, EV 101.2 MPH) Bobby Schimke scores
|
|
Batting: RHB Larry Brocato
|
0-0: Ground out U3 (Groundball, 34, EV 86.2 MPH) Ted Emmerich scores
|
|
Batting: RHB David Norum
|
0-0: Called Strike 0-1: Ball 1-1: Called Strike 1-2: Ball 2-2: Foul Ball, location: 2F 2-2: Fly out, F9 (Flyball, 89D, EV 92.5 MPH)
|
|
Batting: SHB Carter Cromsie
|
0-0: Foul Ball, location: 2F 0-1: Ball 1-1: Called Strike 1-2: Foul Ball, location: 2F 1-2: Ball 2-2: Fly out, F7 (Flyball, 7LSF, EV 75.0 MPH)
|
| Top of the 3rd over - 2 runs, 2 hits, 0 errors, 0 left on base; Greenville 3 - Charleston 2 |
| BOTTOM OF THE 3RD |
|
Charleston RiverDogs batting - Pitching for Greenville Drive : LHP Nick Barnes
|
|
Batting: RHB Bryan Westray
|
0-0: Ball 1-0: Ball 2-0: Called Strike 2-1: Fly out, F8 (Flyball, 8LD, EV 93.1 MPH)
|
|
Batting: RHB Bill Nguyen-Tan
|
0-0: Ball 1-0: Ball 2-0: Ball 3-0: Foul Ball, location: 2F 3-1: Called Strike 3-2: Foul Ball, location: 2F 3-2: Base on Balls
|
|
Batting: LHB Sean Trueblood
|
0-0: Ball 1-0: Called Strike 1-1: Ball 2-1: Fly out, F2 (Popup, 2RF, EV 89.4 MPH)
|
|
Batting: LHB Marc Durgin
|
0-0: Ball 1-0: Ball 2-0: Ground out 4-3 (Groundball, 4, EV 100.6 MPH)
|
| Bottom of the 3rd over - 0 runs, 0 hits, 0 errors, 1 left on base; Greenville 3 - Charleston 2 |
| TOP OF THE 4TH |
|
Greenville Drive batting - Pitching for Charleston RiverDogs : RHP Mike Pickens
|
|
Batting: LHB Nelis Geurts
|
0-0: Ground out 5-3 (Groundball, 56S, EV 62.5 MPH)
|
|
Batting: SHB Greg Shaw
|
0-0: Called Strike 0-1: Called Strike 0-2: Strikes out swinging
|
|
Batting: RHB Andy Garvin
|
0-0: Ball 1-0: Ball 2-0: Fly out, F2 (Popup, 2LF, EV 91.9 MPH)
|
| Top of the 4th over - 0 runs, 0 hits, 0 errors, 0 left on base; Greenville 3 - Charleston 2 |
| BOTTOM OF THE 4TH |
|
Charleston RiverDogs batting - Pitching for Greenville Drive : LHP Nick Barnes
|
|
Batting: LHB Jeremiah Walker
|
0-0: Ball 1-0: Called Strike 1-1: Swinging Strike 1-2: Ball 2-2: Strikes out swinging
|
|
Batting: RHB Matt Alderson
|
0-0: Foul Ball, location: 2F 0-1: Ball 1-1: Ball 2-1: Ball 3-1: Foul Ball, location: 2F 3-2: Strikes out swinging
|
|
Batting: RHB Louwe Starmans
|
0-0: Called Strike 0-1: Foul Ball, location: 2F 0-2: Foul Ball, location: 2F 0-2: Ball 1-2: Foul Ball, location: 2F 1-2: Ball 2-2: Ball 3-2: Ground out 6-3 (Groundball, 6, EV 88.1 MPH)
|
| Bottom of the 4th over - 0 runs, 0 hits, 0 errors, 0 left on base; Greenville 3 - Charleston 2 |
| TOP OF THE 5TH |
|
Greenville Drive batting - Pitching for Charleston RiverDogs : RHP Mike Pickens
|
|
Batting: RHB Joel Vazquez
|
0-0: Called Strike 0-1: Ball 1-1: Ball 2-1: Ball 3-1: SINGLE (Groundball, 56D, EV 103.1 MPH)
|
|
Batting: RHB Bobby Schimke
|
0-0: Called Strike 0-1: Foul Ball, location: 2F 0-2: Foul Ball, location: 2F 0-2: Ball 1-2: Ball 2-2: Ball 3-2: Strikes out swinging
|
|
Batting: RHB Ted Emmerich
|
0-0: Called Strike 0-1: Ball 1-1: Ball 2-1: Called Strike 2-2: Strikes out swinging
|
|
Batting: RHB Larry Brocato
|
0-0: Called Strike 0-1: Called Strike 0-2: Ball 1-2: Ball 2-2: Fielders Choice at 2nd, U4 (Groundball, 4M, EV 100.0 MPH)
|
| Top of the 5th over - 0 runs, 1 hit, 0 errors, 1 left on base; Greenville 3 - Charleston 2 |
| BOTTOM OF THE 5TH |
|
Charleston RiverDogs batting - Pitching for Greenville Drive : LHP Nick Barnes
|
|
Batting: SHB Houston Phillips
|
0-0: Foul Ball, location: 2F 0-1: Ball 1-1: Swinging Strike 1-2: SINGLE (Groundball, 6MD, EV 107.5 MPH)
|
|
Batting: LHB Justin O'Neal
|
0-0: Fielders Choice at 2nd, 6-4 (Groundball, 6, EV 105.0 MPH)
|
|
Batting: RHB Bryan Westray
|
0-0: Called Strike 0-1: Foul Ball, location: 2F 0-2: Ball 1-2: Ball 2-2: Ball 3-2: Ground out 4-3 (Groundball, 4, EV 106.9 MPH) Justin O'Neal to second
|
|
Batting: RHB Bill Nguyen-Tan
|
0-0: Called Strike 0-1: Ball 1-1: Foul Ball, location: 2F 1-2: Foul Ball, location: 2F 1-2: Foul Ball, location: 2F 1-2: Strikes out swinging
|
| Bottom of the 5th over - 0 runs, 1 hit, 0 errors, 1 left on base; Greenville 3 - Charleston 2 |
| TOP OF THE 6TH |
|
Greenville Drive batting - Pitching for Charleston RiverDogs : RHP Mike Pickens
|
|
Batting: RHB David Norum
|
0-0: Foul Ball, location: 2F 0-1: Called Strike 0-2: Strikes out swinging
|
|
Batting: SHB Carter Cromsie
|
0-0: Called Strike 0-1: Ball 1-1: Swinging Strike 1-2: Ball 2-2: Foul Ball, location: 2F 2-2: Foul Ball, location: 2F 2-2: Ground out U3 (Groundball, 3, EV 89.4 MPH)
|
|
Batting: LHB Nelis Geurts
|
0-0: SINGLE (Groundball, 4MD, EV 98.8 MPH)
|
|
Batting: SHB Greg Shaw
|
0-0: Foul Ball, location: 2F 0-1: Foul Ball, location: 2F 0-2: Ball 1-2: Strikes out swinging
|
| Top of the 6th over - 0 runs, 1 hit, 0 errors, 1 left on base; Greenville 3 - Charleston 2 |
| BOTTOM OF THE 6TH |
|
Charleston RiverDogs batting - Pitching for Greenville Drive : LHP Nick Barnes
|
|
Batting: LHB Sean Trueblood
|
0-0: Called Strike 0-1: Ball 1-1: Ground out 4-3 (Groundball, 4, EV 87.5 MPH)
|
|
Batting: LHB Marc Durgin
|
0-0: Ball 1-0: Called Strike 1-1: Ball 2-1: Ball 3-1: Reached via error on a dropped throw from P, E3 (Groundball, 13S, EV 71.9 MPH)
|
|
Pitching: RHP Eddie Mosley
|
|
|
Batting: LHB Jeremiah Walker
|
0-0: Ball 1-0: Ball 2-0: Ball 3-0: Called Strike 3-1: Called Strike 3-2: Base on Balls Marc Durgin to second
|
|
Batting: RHB Matt Alderson
|
0-0: Ball 1-0: Swinging Strike 1-1: Ball 2-1: Foul Ball, location: 2F 2-2: Ball 3-2: Base on Balls Marc Durgin to third Jeremiah Walker to second
|
|
Pinch Hitting: LHB Dale Anderson
|
0-0: Called Strike 0-1: Ball 1-1: Foul Ball, location: 2F 1-2: Ball 2-2: Strikes out swinging
|
|
Batting: SHB Houston Phillips
|
0-0: Ball 1-0: Foul Ball, location: 2F 1-1: Foul Ball, location: 2F 1-2: Ball 2-2: Strikes out swinging
|
| Bottom of the 6th over - 0 runs, 0 hits, 1 error, 3 left on base; Greenville 3 - Charleston 2 |
| TOP OF THE 7TH |
|
Greenville Drive batting - Pitching for Charleston RiverDogs : RHP Mike Pickens
|
|
Now at 3B: Lorenzo Vasquez
|
|
|
Batting: RHB Andy Garvin
|
0-0: Ball 1-0: Called Strike 1-1: Ball 2-1: Ball 3-1: Foul Ball, location: 2F 3-2: Foul Ball, location: 2F 3-2: Foul Ball, location: 2F 3-2: Fly out, F7 (Flyball, 7LSF, EV 78.1 MPH)
|
|
Pitching: RHP Joe Shaw
|
|
|
Batting: RHB Joel Vazquez
|
0-0: Called Strike 0-1: Ball 1-1: Ball 2-1: Foul Ball, location: 2F 2-2: Strikes out swinging
|
|
Batting: RHB Bobby Schimke
|
0-0: Foul Ball, location: 2F 0-1: Called Strike 0-2: Strikes out looking
|
| Top of the 7th over - 0 runs, 0 hits, 0 errors, 0 left on base; Greenville 3 - Charleston 2 |
| BOTTOM OF THE 7TH |
|
Charleston RiverDogs batting - Pitching for Greenville Drive : RHP Eddie Mosley
|
|
Pitching: RHP Cale Morris
|
|
|
Batting: LHB Justin O'Neal
|
0-0: Ball 1-0: Foul Ball, location: 2F 1-1: Foul Ball, location: 2F 1-2: Foul Ball, location: 2F 1-2: Strikes out looking
|
|
Batting: RHB Bryan Westray
|
0-0: Ball 1-0: Foul Ball, location: 2F 1-1: Foul Ball, location: 2F 1-2: Strikes out swinging, 2-3 out at first.
|
|
Batting: RHB Bill Nguyen-Tan
|
0-0: Ball 1-0: Foul Ball, location: 2F 1-1: Ball 2-1: SINGLE (Groundball, 6S, EV 67.5 MPH) (infield hit)
|
|
Batting: LHB Sean Trueblood
|
0-0: Ball 1-0: Ground out U3 (Groundball, 3, EV 101.2 MPH)
|
| Bottom of the 7th over - 0 runs, 1 hit, 0 errors, 1 left on base; Greenville 3 - Charleston 2 |
| TOP OF THE 8TH |
|
Greenville Drive batting - Pitching for Charleston RiverDogs : RHP Joe Shaw
|
|
Batting: RHB Ted Emmerich
|
0-0: Ball 1-0: Ball 2-0: Ball 3-0: Called Strike 3-1: Foul Ball, location: 2F 3-2: Foul Ball, location: 2F 3-2: Ground out 3-1 (Groundball, 34, EV 82.5 MPH)
|
|
Batting: RHB Larry Brocato
|
0-0: Swinging Strike 0-1: Ball 1-1: Foul Ball, location: 2F 1-2: Strikes out swinging
|
|
Batting: RHB David Norum
|
0-0: Fly out, F8 (Flyball, 8LM, EV 80.0 MPH)
|
| Top of the 8th over - 0 runs, 0 hits, 0 errors, 0 left on base; Greenville 3 - Charleston 2 |
| BOTTOM OF THE 8TH |
|
Charleston RiverDogs batting - Pitching for Greenville Drive : RHP Cale Morris
|
|
Pitching: RHP Juan Mejia
|
|
|
Batting: LHB Marc Durgin
|
0-0: Called Strike 0-1: Foul Ball, location: 2F 0-2: Ball 1-2: Ground out 6-3 (Groundball, 6, EV 85.0 MPH)
|
|
Batting: LHB Jeremiah Walker
|
0-0: Ball 1-0: Called Strike 1-1: Ball 2-1: Ball 3-1: Base on Balls
|
|
Pinch Hitting: RHB Alfredo Rodriguez
|
0-0: Swinging Strike 0-1: Foul Ball, location: 2F 0-2: Strikes out swinging
|
|
Batting: RHB Lorenzo Vasquez
|
0-0: Called Strike 0-1: Foul Ball, location: 2F 0-2: Ball 1-2: Strikes out swinging
|
| Bottom of the 8th over - 0 runs, 0 hits, 0 errors, 1 left on base; Greenville 3 - Charleston 2 |
| TOP OF THE 9TH |
|
Greenville Drive batting - Pitching for Charleston RiverDogs : RHP Joe Shaw
|
|
Now at C: Alfredo Rodriguez
|
|
|
Batting: SHB Carter Cromsie
|
0-0: Ball 1-0: Ground out 4-3 (Groundball, 4, EV 106.2 MPH)
|
|
Batting: LHB Nelis Geurts
|
0-0: Ground out 6-3 (Groundball, 6, EV 90.0 MPH)
|
|
Batting: SHB Greg Shaw
|
0-0: Foul Ball, location: 2F 0-1: Fly out, F7 (Flyball, 7LM, EV 101.2 MPH)
|
| Top of the 9th over - 0 runs, 0 hits, 0 errors, 0 left on base; Greenville 3 - Charleston 2 |
| BOTTOM OF THE 9TH |
|
Charleston RiverDogs batting - Pitching for Greenville Drive : RHP Juan Mejia
|
|
Pitching: RHP Roberto Morales
|
|
|
Batting: SHB Houston Phillips
|
0-0: Ball 1-0: Called Strike 1-1: Ball 2-1: SINGLE (Groundball, 56, EV 102.5 MPH)
|
|
Batting: LHB Justin O'Neal
|
0-0: Bunted foul Balk! Houston Phillips to second 0-1: Bunted foul 0-2: Ball 1-2: Foul Ball, location: 2F 1-2: Foul Ball, location: 2F 1-2: Foul Ball, location: 2F 1-2: Ball 2-2: Ball 3-2: Base on Balls
|
|
Batting: RHB Bryan Westray
|
0-0: Called Strike 0-1: Ball 1-1: Fielders Choice at 2nd, 5-4 (Groundball, 5, EV 87.5 MPH) Houston Phillips to third
|
|
Batting: RHB Bill Nguyen-Tan
|
0-0: Ground out 5-3 (Groundball, 5, EV 98.8 MPH) Bryan Westray to second
|
|
Batting: LHB Sean Trueblood
|
0-0: Intentional Walk
|
|
Batting: LHB Marc Durgin
|
0-0: Ball 1-0: Foul Ball, location: 2F Balk! Houston Phillips scores Bryan Westray to third Sean Trueblood to second 1-1: Ball 2-1: Called Strike 2-2: Strikes out looking
|
| Bottom of the 9th over - 1 run, 1 hit, 0 errors, 2 left on base; Greenville 3 - Charleston 3 |
| TOP OF THE 10TH |
|
Greenville Drive batting - Pitching for Charleston RiverDogs : RHP Joe Shaw
|
|
Pitching: RHP Mark Stafford
|
|
|
Pinch Hitting: LHB John Criswell
|
0-0: Ball 1-0: Ball 2-0: Swinging Strike 2-1: Ball 3-1: DOUBLE (Flyball, 8LXD, EV 104.4 MPH)
|
|
Pinch Hitting: LHB Danny Montoya
|
0-0: Intentional Walk
|
|
Batting: RHB Bobby Schimke
|
0-0: Called Strike 0-1: Foul Ball, location: 2F 0-2: Fielders Choice at 2nd, 1-4 (Groundball, 15S, EV 65.0 MPH) John Criswell to third
|
|
Batting: RHB Ted Emmerich
|
0-0: Ball 1-0: Called Strike 1-1: Swinging Strike 1-2: Fly out, F8 (Flyball, 89M, EV 83.1 MPH)
|
|
Batting: RHB Larry Brocato
|
0-0: Called Strike 0-1: Ball 1-1: Ball 2-1: Called Strike 2-2: Ball 3-2: SINGLE (Groundball, 3D, EV 105.6 MPH) John Criswell scores Bobby Schimke to second Bobby Schimke to third
|
|
Batting: RHB David Norum
|
Pickoff Throw to First - Out! 1-3
|
| Top of the 10th over - 1 run, 2 hits, 0 errors, 1 left on base; Greenville 4 - Charleston 3 |
| BOTTOM OF THE 10TH |
|
Charleston RiverDogs batting - Pitching for Greenville Drive : RHP Roberto Morales
|
|
Pitching: LHP Fernando Mendoza
|
|
|
Now at 2B: David Norum
|
|
|
Now at 3B: Victor Orozco
|
|
|
Now in LF: John Criswell
|
|
|
Batting: RHB Iften Olujimi
|
0-0: Ball 1-0: Ball 2-0: Called Strike 2-1: Swinging Strike 2-2: Strikes out looking
|
|
Batting: RHB Alfredo Rodriguez
|
0-0: Ball 1-0: Foul Ball, location: 2F 1-1: Foul Ball, location: 2F 1-2: Ground out 5-3 (Groundball, 56S, EV 90.6 MPH)
|
|
Batting: RHB Lorenzo Vasquez
|
0-0: Called Strike 0-1: Called Strike 0-2: Strikes out swinging
|
| Bottom of the 10th over - 0 runs, 0 hits, 0 errors, 0 left on base; Greenville 4 - Charleston 3 |
|